 Dungeon Crawl Stone Soup version 0.19-a0-76-g295c512 (webtiles) character file.

53416 Duffy the Brawler (level 14, 127/127 HPs)
             Began as a Pale Draconian Fighter on May 12, 2016.
             Was the Champion of Cheibriados.
             Quit the game on level 12 of the Dungeon.
             The game lasted 00:27:44 (19105 turns).

Duffy the Brawler (Pale Draconian Fighter)         Turns: 19105, Time: 00:27:45

Health: 127/127    AC: 15    Str: 42    XL:     14   Next: 30%
Magic:  21/21      EV: 24    Int: 26    God:    Cheibriados [******]
Gold:   1895       SH: 13    Dex: 25    Spells: 1 memorised, 10 levels left

rFire  . . .     SeeInvis +       - Unarmed
rCold  . . .     Gourm    .     (armour unavailable)
rNeg   . . .     Faith    .     a - +0 shield
rPois  .         Spirit   .     q - +1 hat
rElec  .         Dismiss  .     B - +1 cloak {MR+}
rCorr  .         Reflect  .     M - +0 pair of gloves
SustAt .         Harm     .     U - +2 pair of boots of Mautah {Str+5}
MR     ++...                    A - amulet of regeneration
Stlth  +++.......               E - +4 ring of evasion
                                H - ring "Kam Qutu" {SInv Stlth+}

@: very slow, very resistant to hostile enchantments, fairly stealthy
A: breathe steam, unfitting armour, cold-blooded, AC +8
a: Breathe Steam, Bend Time, Temporal Distortion, Slouch, Step From Time,
Renounce Religion


You were on level 12 of the Dungeon.
You worshipped Cheibriados.
Cheibriados was exalted by your worship.
You were not hungry.

You visited 3 branches of the dungeon, and saw 20 of its levels.
You also visited: Ice Cave and Volcano.

You collected 2095 gold pieces.
You spent 200 gold pieces at shops.


Innate Abilities, Weirdness & Mutations

You can breathe blasts of scalding, opaque steam.
Your pale cyan-grey scales are hard (AC +8).
Your body does not fit into most forms of armour.
You are cold-blooded and may be slowed by cold attacks.


   Skills:
 + Level 12.6 Fighting
 - Level 10.0 Dodging
 - Level 3.0 Shields
 + Level 17.1 Unarmed Combat
 - Level 10.0 Invocations


You had 10 spell levels left.
You knew the following spells:

 Your Spells              Type           Power        Failure   Level  Hunger
a - Regeneration          Chrm/Necr      #.........   99%         3    ####...

Inventory:

Hand Weapons
 V - a -3 blowgun
Missiles
 p - 29 tomahawks (quivered)
 v - 49 poisoned needles
 J - a throwing net
 W - 7 curare-tipped needles
Armour
 a - a +0 shield (worn)
 q - a +1 hat (worn)
 B - a +1 cloak of magic resistance (worn)
 M - a +0 pair of gloves (worn)
 Q - a +0 pair of boots of fire resistance
 U - the +2 pair of boots of Mautah (worn) {Str+5}

   It affects your strength (+5).
Jewellery
 x - an uncursed ring of flight
 A - an amulet of regeneration (around neck)
 E - a +4 ring of evasion (right hand)
 F - an uncursed ring of sustain attributes
 H - the ring "Kam Qutu" (left hand) {SInv Stlth+}

   [ring of stealth]

   It lets you see invisible.
   It makes you more stealthy.
 S - an uncursed ring of protection from magic
Wands
 b - a wand of lightning (7/15)
 k - a wand of lightning (11/15)
 r - a wand of flame (25/48)
 t - a wand of slowing (22/48)
 u - a wand of iceblast (7/15)
 T - a wand of digging (20/24)
Scrolls
 e - 10 scrolls of remove curse
 g - 3 scrolls of fog
 j - 7 scrolls of teleportation
 o - 2 scrolls of immolation
 s - a scroll of fear
 w - 4 scrolls of magic mapping
 y - a scroll of vulnerability
 C - 5 scrolls of identify
 I - a scroll of summoning
 K - 4 scrolls of recharging
 N - 2 scrolls of amnesia
Potions
 f - 2 potions of cancellation
 i - 2 potions of flight
 l - a potion of invisibility
 m - 5 potions of curing
 z - 5 potions of heal wounds
 D - a potion of magic
 G - a potion of resistance
 L - a potion of agility
 O - a potion of lignification
 P - a potion of ambrosia
 R - 2 potions of might
Comestibles
 c - 10 bread rations
 d - 11 slices of pizza
 h - 13 meat rations

Dungeon Overview and Level Annotations

Branches:
Dungeon (12/15)            Temple (0/1) D:4            Lair (6/8) D:9
  Swamp (0/4) Lair:6       Spider (0/4) Lair:6        Slime (0/6) Lair:6
    Orc (2/2) D:11            Elf (0/3) Orc:2

Altars:
Ashenzari
Cheibriados
Dithmenos
Gozag
Nemelex Xobeh
Pakellas
Qazlal
Trog
Yredelemnul
Beogh
Jiyva

Shops:
D:3 }   D:5 *   D:11 *(([   Orc:2 %:%[

Annotations:
Lair:6 exclusions: orb spider and 2 more exclusions


Message History

No target in view!
There is an open door here.
Found a wand of lightning.
You open the door.
Found a stone staircase leading down.
There is an open door here.
You open the door.
There is an open door here.
You open the door.
There is an open door here.
There is an open door here.
You see here a giant club.
You open the door.
There is an open door here.
You open the door.
There is an open door here.
There is an open door here.
You open the door.
There is an open door here.
You open the door.
There is an open door here.
There is an open door here.
There is an open door here.
There is an open door here.
There is an open door here.
There is an open door here.
You are feeling very hungry.
There is an open door here.
Things that are here:
a club; a leather armour Done exploring.
Done exploring.
Eat which item? (? for menu, Esc to quit)
Mmm - a full handful of cherries!
Eat which item? (? for menu, Esc to quit)
Mmmm...
Yummy pear.
Eat which item? (? for menu, Esc to quit)
That guava was delicious!
Eat which item? (? for menu, Esc to quit)
That choko was very bland.
Eat which item? (? for menu, Esc to quit)
Mmmm...
Yummy coconut.
Eat which item? (? for menu, Esc to quit)
Okay, then.
(D) Dungeon (T) Temple (L) Lair (S) Swamp (N) Spider Nest (M) Slime Pits (O) Orcish Mines (E) Elven Halls
Where to? (* - list waypoints, Enter - D:12, ? - help)
What level of the Lair of Beasts? (default 1, ? - help)
Okay, then.
Are you sure you want to abandon this character and quit the game? (Confirm with "yes".)

###### ########## ####### .....#
#........# #...... .....#
#........# #...... .<...#
#........# #...... .....#
#........# #...... .....#
#........# #...... ######
#......@.# #...... # ##......##
##..... # #......# #..... #
#......# #..... # ### #...)).#
#..... ####.# #....))# #.....
#....######......###########.....
#....#....####+#.................
#................#...............


There were no monsters in sight!

Action                   |  1- 3 |  4- 6 |  7- 9 | 10-12 | 13-15 || total
-------------------------+-------+-------+-------+-------+-------++-------
Melee: Unarmed           |   149 |   187 |   309 |   781 |   520 ||  1946
       Tailslap          |    15 |    26 |    56 |   206 |   135 ||   438
Invok: Slouch            |       |       |       |     4 |     6 ||    10
  Use: Scroll            |       |     6 |    10 |    18 |     3 ||    37
       Potion            |       |     1 |     1 |     3 |       ||     5
 Stab: Sleeping          |     1 |     1 |     5 |    16 |    10 ||    33
       Distracted        |       |       |     1 |     5 |     1 ||     7
  Eat: Chunk             |     2 |     6 |     5 |    13 |     5 ||    31
       Royal jelly       |       |       |     1 |       |     1 ||     2
       Beef jerky        |       |       |       |     1 |     1 ||     2
       Fruit             |       |       |       |       |     5 ||     5
Armor: Skin              |    29 |    52 |    48 |   112 |    52 ||   293
Dodge: Dodged            |    60 |    74 |   113 |   626 |   335 ||  1208
Block: Shield            |    73 |    76 |   151 |   522 |   345 ||  1167

Notes
Turn   | Place    | Note
--------------------------------------------------------------
     0 | D:1      | Duffy the Draconian Fighter began the quest for the Orb.
     0 | D:1      | Reached XP level 1. HP: 19/19 MP: 1/1
   143 | D:1      | Reached XP level 2. HP: 17/26 MP: 2/2
   351 | D:1      | Reached skill level 3 in Unarmed Combat
   666 | D:1      | Reached XP level 3. HP: 31/31 MP: 3/3
  1265 | D:2      | Reached skill level 4 in Unarmed Combat
  1388 | D:2      | Reached XP level 4. HP: 18/38 MP: 4/4
  1883 | D:2      | Found a snail-covered altar of Cheibriados.
  1885 | D:2      | Became a worshipper of Cheibriados the Contemplative
  2540 | D:3      | Reached * piety under Cheibriados
  2544 | D:3      | Reached skill level 5 in Unarmed Combat
  2576 | D:3      | Found an oddly glowing altar of Pakellas.
  2576 | D:3      | Found Pakellas's Prime Provisions.
  2640 | D:3      | Noticed Robin
  2649 | D:3      | Killed Robin
  2649 | D:3      | Reached XP level 5. HP: 41/45 MP: 5/5
  2812 | D:3      | Found a shattered altar of Ashenzari.
  2969 | D:3      | Noticed Ijyb
  2975 | D:3      | Killed Ijyb
  2975 | D:3      | Reached ** piety under Cheibriados
  3241 | D:4      | Found a staircase to the Ecumenical Temple.
  3285 | D:4      | Noticed an ogre
  3293 | D:4      | Killed an ogre
  3293 | D:4      | Reached skill level 4 in Fighting
  3293 | D:4      | Reached skill level 6 in Unarmed Combat
  3293 | D:4      | Reached XP level 6. HP: 52/52 MP: 6/6
  3815 | D:4      | Reached skill level 5 in Fighting
  3926 | D:4      | Reached XP level 7. HP: 61/61 MP: 7/7
  4095 | D:4      | Reached *** piety under Cheibriados
  4165 | D:4      | Reached skill level 7 in Unarmed Combat
  4224 | D:5      | Entered Level 5 of the Dungeon
  4232 | D:5      | Found Bibb's Assorted Antiques.
  4251 | D:5      | Bought a runed hat for 124 gold pieces
  4277 | D:5      | Found a bloodstained altar of Trog.
  4372 | D:5      | Noticed Blork the orc
  4388 | D:5      | Killed Blork the orc
  4433 | D:5      | Reached skill level 6 in Fighting
  4804 | D:5      | Found a sparkling altar of Nemelex Xobeh.
  4805 | D:5      | Found an opulent altar of Gozag.
  4879 | D:5      | Found an oddly glowing altar of Pakellas.
  4968 | D:5      | Bought a fuming green potion for 27 gold pieces
  4968 | D:5      | Bought a green potion for 27 gold pieces
  5065 | D:6      | Reached **** piety under Cheibriados
  5065 | D:6      | Reached skill level 7 in Fighting
  5065 | D:6      | Reached XP level 8. HP: 60/73 MP: 8/8
  5141 | D:6      | Killed an unseen horror
  5141 | D:6      | Reached skill level 8 in Fighting
  5141 | D:6      | Reached skill level 8 in Unarmed Combat
  5383 | D:6      | Reached skill level 3 in Dodging
  5387 | D:6      | Reached skill level 9 in Unarmed Combat
  5678 | D:6      | Reached XP level 9. HP: 72/82 MP: 9/9
  5783 | D:6      | Reached skill level 4 in Dodging
  6005 | D:7      | Found a stormy altar of Qazlal.
  6034 | D:7      | Found a basalt altar of Yredelemnul.
  6081 | D:7      | Reached skill level 5 in Dodging
  6141 | D:7      | Reached ***** piety under Cheibriados
  6299 | D:7      | Got a faintly glowing silver ring
  6551 | D:8      | Reached skill level 10 in Unarmed Combat
  6597 | D:8      | Identified the ring "Kam Qutu" {SInv Stlth+} (You found it on level 7 of the Dungeon)
  6616 | D:8      | Found a shadowy altar of Dithmenos.
  6917 | D:8      | Reached skill level 1 in Invocations
  7192 | D:8      | Reached skill level 2 in Invocations
  7271 | D:8      | Reached skill level 3 in Invocations
  7455 | D:9      | Reached skill level 4 in Invocations
  7460 | D:9      | Reached XP level 10. HP: 90/90 MP: 11/13
  7601 | D:9      | Reached ****** piety under Cheibriados
  7819 | D:9      | Reached skill level 11 in Unarmed Combat
  7819 | D:9      | Reached skill level 5 in Invocations
  7875 | D:9      | Found a staircase to the Lair.
  8309 | D:9      | Reached skill level 6 in Invocations
  8460 | D:10     | Entered Level 10 of the Dungeon
  9033 | Lair:1   | Entered Level 1 of the Lair of Beasts
  9033 | Lair:1   | Noticed a spiny frog
  9045 | Lair:1   | Killed a spiny frog
  9157 | Lair:1   | Reached skill level 7 in Invocations
  9183 | Lair:1   | Noticed a black mamba
  9189 | Lair:1   | Killed a black mamba
  9223 | Lair:1   | Found a dark tunnel.
  9223 | Lair:1   | Noticed a lindwurm
  9230 | Lair:1   | Killed a lindwurm
  9230 | Lair:1   | Reached skill level 12 in Unarmed Combat
  9237 | Volcano  | Entered a volcano
  9247 | Volcano  | Reached skill level 8 in Invocations
  9395 | Lair:1   | Noticed a six-headed hydra
  9408 | Lair:1   | Killed a six-headed hydra
  9408 | Lair:1   | Reached XP level 11. HP: 22/95 MP: 11/17
 10149 | Lair:2   | Reached skill level 9 in Invocations
 10322 | Lair:2   | You fall through a shaft!
 10750 | Lair:2   | Reached skill level 13 in Unarmed Combat
 10757 | Lair:2   | Reached skill level 10 in Invocations
 11055 | Lair:2   | Reached skill level 6 in Dodging
 11761 | Lair:3   | Reached skill level 7 in Dodging
 11848 | Lair:3   | Reached XP level 12. HP: 103/103 MP: 19/19
 12085 | Lair:3   | Reached skill level 14 in Unarmed Combat
 12559 | Lair:4   | Reached skill level 8 in Dodging
 12634 | Lair:4   | Learned a level 3 spell: Regeneration
 13441 | Lair:5   | Noticed a six-headed hydra
 13450 | Lair:5   | Killed a six-headed hydra
 13552 | Lair:5   | Reached skill level 9 in Dodging
 13657 | Lair:5   | Noticed a four-headed hydra
 13669 | Lair:5   | Killed a four-headed hydra
 13888 | Lair:5   | Reached skill level 15 in Unarmed Combat
 14588 | Lair:6   | Found a staircase to the Slime Pits.
 14589 | Lair:6   | Found a viscous altar of Jiyva.
 14662 | Lair:6   | Found a hole to the Spider Nest.
 14731 | Lair:6   | Found a staircase to the Swamp.
 14752 | Lair:6   | Got a pair of fine boots
 14763 | Lair:6   | Identified the +2 pair of boots of Mautah {Str+5} (You acquired it on level 6 of the Lair of Beasts)
 14880 | Lair:6   | Reached XP level 13. HP: 108/108 MP: 20/20
 14882 | Lair:6   | Reached skill level 10 in Dodging
 15687 | D:11     | Found a frozen archway.
 15688 | D:11     | Found Gogegg's Antique Weapon Boutique.
 15688 | D:11     | Noticed Urug
 15689 | D:11     | Reached skill level 9 in Fighting
 15720 | D:11     | Killed Urug
 15738 | IceCv    | Entered an ice cave
 15738 | IceCv    | Noticed Gruesome's ghost (journeyman DDFi)
 15748 | IceCv    | Killed Gruesome's ghost
 16058 | D:11     | Noticed Sonja
 16061 | D:11     | Killed Sonja
 16083 | D:11     | Found a staircase to the Orcish Mines.
 16085 | D:11     | Reached skill level 10 in Fighting
 16107 | D:11     | Reached skill level 16 in Unarmed Combat
 16176 | D:11     | Noticed Nergalle
 16185 | D:11     | Killed Nergalle
 16204 | D:11     | Found Zotewkei's Antique Armour Shoppe.
 16383 | D:11     | Found Dosode Bogyk's Weapon Boutique.
 16448 | D:11     | Found Womany's Assorted Antiques.
 16456 | D:11     | Bought an orange potion for 22 gold pieces
 16680 | Orc:1    | Entered Level 1 of the Orcish Mines
 16751 | Orc:1    | Noticed Josephine
 16761 | Orc:1    | Killed Josephine
 16822 | Orc:2    | Entered Level 2 of the Orcish Mines
 16855 | Orc:2    | Found a bloodstained altar of Trog.
 16933 | Orc:2    | Reached skill level 11 in Fighting
 16993 | Orc:2    | Found Okhitrepn's Antique Armour Shop.
 16993 | Orc:2    | Found Belel's Food Emporium.
 16995 | Orc:2    | Found Qoel's Book Shop.
 16995 | Orc:2    | Found Ceulaasi's Food Emporium.
 17267 | Orc:2    | Reached XP level 14. HP: 88/125 MP: 21/21
 17323 | Orc:2    | Found a staircase to the Elven Halls.
 17340 | Orc:2    | Noticed Nessos
 17343 | Orc:2    | Killed Nessos
 17533 | Orc:2    | Reached skill level 12 in Fighting
 17720 | Orc:2    | Found a roughly hewn altar of Beogh.
 18270 | D:12     | Reached skill level 17 in Unarmed Combat
 19105 | D:12     | Quit the game

Skill      XL: |  1  2  3  4  5  6  7  8  9 10 11 12 13 14 |
---------------+-------------------------------------------+-----
Unarmed Combat | 3 4 5 6 7 9 10 12 13 15 16 17 | 17.1
Fighting       | 4 5 7 8 11 12 | 12.6
Dodging        | 3 5 7 9 10 | 10.0
Invocations    | 4 8 10 | 10.0
Shields        | |  3.0

Vault maps used:
D:1:      minmay_arrival_checkered_box, lemuel_another_geyser
D:2:      overflow_temple_1_default
D:3:      lemuel_round_altar, first_bread, johnstein_pakellas_shop, uniq_iyjb,
          uniq_robin
D:4:      minmay_temple_entry_enclosed_plants
D:5:      grunt_temple_overflow_opulence, lemuel_coloured_pillars_altar,
          serial_shops, shop, trog_butcher_becter, uniq_blork_the_orc
D:6:      st_stairs_8
D:7:      yredelemnul_altar_generic, nicolae_qazlal_general_emergency
D:8:      nicolae_dithmenos_shadow_blocks, special_room
D:9:      grunt_lair_entry_orc_guard_hut
D:11:     david_orc_3, serial_shops, shop, kennysheep_mini, shop, shop,
          portal_ice_cave_entry_ice_beasts, grunt_pizzeria,
          minmay_misc_feat_four_crosses, uniq_sonja, uniq_urug, uniq_nergalle
Lair:1:   nicolae_volcano_entry_vermiform
Lair:2:   grunt_megastairs_2
Lair:4:   serial_forest, infiniplex_forest_end_1,
          infiniplex_forest_clump_diagonal, infiniplex_forest_straight_3,
          infiniplex_forest_lined_2
Lair:5:   serial_bayou_shore_b, grunt_megastairs_1
Lair:6:   swamp_mist_pool, nicolae_spider_entry_orb_guardian, slime_altar_1
Orc:1:    uniq_josephine
Orc:2:    grunt_orc_tribal_feast, basic_altar, bloody_trog, uniq_nessos
IceCv:    ice_cave_small_dragons
Volcano:  volcano_overflow

Vanquished Creatures
  Nessos
  The ghost of Gruesome the Severer, a journeyman DDFi of Pakellas Josephine
  3 hydras
  3 orc high priests Urug
  A dancing weapon Nergalle Sonja
  An unseen horror
  4 hill giants
  A lindwurm
  6 orc knights
  An ugly thing
  6 orc sorcerers
  A griffon
  A cyclops
  A centaur zombie
  3 black mambas
  10 spiny frogs
  3 rime drakes
  A tengu conjurer
  5 komodo dragons
  2 trolls
  7 slime creatures
  9 blink frogs
  A wyvern
  7 wraiths
  6 hippogriffs
  A fire elemental
  41 yaks
  2 basilisks
  A mottled dragon
  11 water moccasins
  14 porcupines
  18 ice beasts
  21 orc warriors
  2 sky beasts
  2 necrophages
  3 black bears
  6 ogres
  A phantom
  10 centaurs
  35 wolves
  9 crocodiles
  22 giant frogs
  8 big kobolds Blork the orc
  A gnoll sergeant
  4 scorpions
  4 killer bees
  2 howler monkeys
  4 crimson imps
  2 quasits
  7 hounds
  6 giant frog skeletons
  A giant frog zombie
  10 orc priests
  3 centaur skeletons
  17 orc wizards
  10 iguanas Ijyb
  8 worker ants
  15 sheep
  A hound zombie
  A hound skeleton
  A worker ant zombie Robin
  14 adders
  12 gnolls
  A howler monkey skeleton
  34 river rats
  2 shadow imps
  2 oozes
  An adder skeleton
  2 dart slugs
  5 giant geckos
  43 orcs
  5 giant cockroaches
  14 goblins
  10 hobgoblins
  10 jackals
  25 kobolds
  8 quokkas
  13 bats
  9 giant newts
  3 quokka skeletons
  A quokka zombie
  18 rats
  16 fungi
  8 plants
652 creatures vanquished.
